 Dungeon Sprint DCSS version 0.22-a0-580-gd5db89c (webtiles) character file.

604989 raistware the End of an Era (level 23, 219/219 HPs)
             Began as a Formicid Fighter on July 2, 2018.
             Was the Champion of Qazlal.
             Escaped with the Orb!
             The game lasted 00:50:11 (5616 turns).

raistware the End of an Era (Formicid Fighter)      Turns: 5616, Time: 00:50:12

Health: 219/219    AC: 46    Str: 33    XL:     23   Next: 91%
Magic:  54/54      EV: 19    Int: 12    God:    Qazlal [******]
Gold:   0          SH: 48    Dex: 10    Spells: 71/76 levels left

rFire    + + +     SeeInvis +   H - +15 lance "Wyrmbane" {slay drac, rPois rF+ rC+ AC+3}
rCold    + + .     Gourm    .   a - +18 shield of the Gong {rElec rN+ MR+ EV-5}
rNeg     + + .     Faith    .   l - +9 gold dragon scales
rPois    +         Spirit   .   (helmet unavailable)
rElec    +         Reflect  +   R - +1 cloak {+Inv}
rCorr    .         Harm     .   (no gloves)
MR       +++..                  k - +2 pair of boots {Stlth+}
Stlth    +.........             J - +5 amulet of reflection
HPRegen  0.46/turn              K - ring of Finality {rElec rF++ rN+ Str+3}
MPRegen  0.34/turn              L - ring of Elaram {rF+ EV+5 Str+3}

@: studying Charms, repel missiles
A: permanent stasis, dig shafts and tunnels, four strong arms, antennae 3,
blurry vision 1, deterioration 1
0: Orb of Zot
a: Dig, Upheaval, Elemental Force, Disaster Area, Renounce Religion, Evoke
Invisibility


You escaped.
You worshipped Qazlal.
Qazlal was exalted by your worship.
You were hungry.

You visited 1 branch

Inventory:

Hand Weapons
 b - a +9 bardiche of flaming
 H - the +15 lance "Wyrmbane" (weapon) {slay drac, rPois rF+ rC+ AC+3}
   (You found it in the Dungeon)

   It affects your AC (+3).
   It protects you from fire.
   It protects you from cold.
   It protects you from poison.
Armour
 a - the +18 shield of the Gong (worn) {rElec rN+ MR+ EV-5}
   (You found it in the Dungeon)

   It affects your evasion (-5).
   It insulates you from electricity.
   It protects you from negative energy.
   It affects your resistance to hostile enchantments.
 k - a +2 pair of boots of stealth (worn)
 l - +9 gold dragon scales (worn)
 R - a +1 cloak of invisibility (worn)
Jewellery
 c - the ring of Hitisol {Str+3 Int+7 Slay+4}
   (You took it off a mummy priest in the Dungeon)

   [ring of slaying]

   It affects your strength (+3).
   It affects your intelligence (+7).
   It affects your accuracy and damage with ranged weapons and melee attacks
   (+4).
 h - the amulet "Foiwuest" {Acrobat rF+ Str+5 Int+3 Dex-5}
   (You found it in the Dungeon)

   [amulet of the acrobat]

   It helps you evade while moving and waiting.
   It affects your strength (+5).
   It affects your intelligence (+3).
   It affects your dexterity (-5).
   It protects you from fire.
 j - an uncursed ring of protection from magic
 v - the ring of Shadows {Umbra +Inv Stlth+}
   (You found it in the Dungeon)

   [ring of stealth]

   It lets you turn invisible.
   It makes you more stealthy.
 A - a +6 ring of dexterity
 B - the ring of Qiwk {rN++ EV+3}
   (You found it in the Dungeon)

   [ring of evasion]

   It affects your evasion (+3).
   It greatly protects you from negative energy.
 C - an uncursed ring of fire
 D - a +6 ring of intelligence
 F - an uncursed ring of wizardry
 J - a +5 amulet of reflection (around neck)
 K - the ring of Finality (left hand) {rElec rF++ rN+ Str+3}
   (You found it in the Dungeon)

   [ring of positive energy]

   It affects your strength (+3).
   It greatly protects you from fire.
   It insulates you from electricity.
   It protects you from negative energy.
 L - the ring of Elaram (right hand) {rF+ EV+5 Str+3}
   (You took it off a spriggan druid in the Dungeon)

   [ring of evasion]

   It affects your evasion (+5).
   It affects your strength (+3).
   It protects you from fire.
 M - an uncursed ring of wizardry
 N - the amulet "Buas" {Faith Slay+2}
   (You found it in the Dungeon)

   [amulet of faith]

   It allows you to gain divine favour quickly.
   It affects your accuracy and damage with ranged weapons and melee attacks
   (+2).
 O - the ring of Pekh {rC+ Dex+3}
   (You found it in the Dungeon)

   [ring of dexterity]

   It affects your dexterity (+3).
   It protects you from cold.
 S - the amulet of the Four Winds {rN+ MR+++ Clar}
   (You found it in the Dungeon)

   [amulet of nothing]

   It protects you from negative energy.
   It affects your resistance to hostile enchantments.
   It protects you against confusion.
Wands
 x - a wand of disintegration (7)
 y - a wand of iceblast (7)
 z - a wand of acid (7)
Scrolls
 m - 4 scrolls of amnesia
 n - 7 scrolls of fog
 o - a scroll of holy word
 p - 5 scrolls of identify
 q - 5 scrolls of remove curse
 r - 2 scrolls of fear
 P - 8 scrolls of enchant weapon
 Q - 4 scrolls of brand weapon
Potions
 d - 9 potions of might
 e - 10 potions of curing
 g - 5 potions of heal wounds
 i - 5 potions of magic
 s - 2 potions of brilliance
 t - 2 potions of invisibility
 u - 4 potions of resistance
 w - 8 potions of agility
Books
 E - a manual of Charms
Miscellaneous
 G - a lightning rod (4/4)
 I - 12 sacks of spiders
Comestibles
 f - 7 rations


   Skills:
 O Level 27 Fighting
 O Level 27 Polearms
   Level 16.8(19.9) Slings
   Level 12.7 Crossbows
 + Level 17.0(19.1) Throwing
 O Level 27 Armour
 O Level 27 Dodging
 + Level 21.0 Stealth
 + Level 21.1 Shields
 O Level 27 Unarmed Combat
 O Level 27 Spellcasting
 + Level 10.6 Conjurations
 + Level 5.7 Charms
 + Level 12.4 Transmutations
   Level 16.9 Poison Magic
 O Level 27 Invocations
 O Level 27 Evocations


You had 71 spell levels left.
You knew the following spells:

 Your Spells              Type           Power        Failure   Level  Hunger
a - Irradiate             Conj/Tmut      #####.....   2%          5    ###....

Your spell library contained the following spells:

 Spells                   Type           Power        Failure   Level  Hunger
 Cause Fear               Hex            ###.......   67%         4    None
 Magic Dart               Conj           ####         1%          1    None
 Fireball                 Conj/Fire      ####......   28%         5    ###....
 Apportation              Tloc           ###...       10%         1    None
 Conjure Flame            Conj/Fire      ####....     3%          3    None
 Bolt of Fire             Conj/Fire      ####......   85%         6    #####..
 Lightning Bolt           Conj/Air       ####......   28%         5    ###....
 Bolt of Magma            Conj/Fire/Erth ###.......   52%         5    ###....
 Slow                     Hex            ###.....     14%         2    None
 Invisibility             Hex            ###.....     100%        6    #####..
 Throw Flame              Conj/Fire      ####..       1%          2    None
 Throw Frost              Conj/Ice       ####..       1%          2    None
 Controlled Blink         Tloc           N/A          100%        8    #######
 Freezing Cloud           Conj/Ice/Air   ###.......   98%         6    #####..
 Mephitic Cloud           Conj/Pois/Air  #####...     1%          3    None
 Ring of Flames           Chrm/Fire      ###.......   100%        7    ######.
 Venom Bolt               Conj/Pois      #####.....   1%          5    ###....
 Olgreb's Toxic Radiance  Pois           ######..     1%          4    None
 Teleport Other           Tloc           ###.....     28%         3    None
 Summon Small Mammal      Summ           ###.         10%         1    None
 Blink                    Tloc           N/A          14%         2    None
 Iskenderun's Mystic Bla  Conj           #####...     1%          4    None
 Summon Horrible Things   Summ           ###.......   100%        8    #######
 Animate Dead             Necr           N/A          67%         4    None
 Animate Skeleton         Necr           N/A          10%         1    None
 Freeze                   Ice            ###.         10%         1    None
 Summon Ice Beast         Ice/Summ       ###.....     67%         4    None
 Ozocubu's Armour         Chrm/Ice       ###.....     9%          3    None
 Call Imp                 Summ           ###.....     14%         2    None
 Dispel Undead            Necr           ###.....     95%         5    ###....
 Sting                    Conj/Pois      ####         1%          1    None
 Tukima's Dance           Hex            ###.....     28%         3    None
 Summon Demon             Summ           ###.......   95%         5    ###....
 Summon Greater Demon     Summ           ###.......   100%        7    ######.
 Corpse Rot               Necr           N/A          14%         2    None
 Iron Shot                Conj/Erth      ####......   85%         6    #####..
 Stone Arrow              Conj/Erth      ####..       3%          3    None
 Shock                    Conj/Air       ####         1%          1    None
 Swiftness                Chrm/Air       ###.....     4%          2    None
 Recall                   Summ/Tloc      N/A          28%         3    None
 Agony                    Necr           ###.....     95%         5    ###....
 Spider Form              Tmut/Pois      ######....   1%          3    None
 Blade Hands              Tmut           #####.....   1%          5    ###....
 Statue Form              Tmut/Erth      ####.....    75%         6    #####..
 Ice Form                 Ice/Tmut       ####....     8%          4    None
 Dragon Form              Tmut           #####.....   43%         7    ######.
 Death Channel            Necr           ###.......   100%        6    #####..
 Deflect Missiles         Chrm/Air       ###.......   99%         6    #####..
 Throw Icicle             Conj/Ice       ####....     11%         4    None
 Shadow Creatures         Summ           N/A          100%        6    #####..
 Confusing Touch          Hex            ###...       10%         1    None
 Passwall                 Tmut/Erth      ####....     1%          2    None
 Ignite Poison            Fire/Tmut/Pois #####...     1%          3    None
 Sticks to Snakes         Tmut           #####...     1%          2    None
 Call Canine Familiar     Summ           ###.....     28%         3    None
 Ensorcelled Hibernation  Hex/Ice        ###...       14%         2    None
 Metabolic Englaciation   Hex/Ice        ###.......   95%         5    ###....
 Summon Butterflies       Summ           ###.....     10%         1    None
 Silence                  Hex/Air        ###.......   95%         5    ###....
 Shatter                  Erth           ###.......   100%        9    #######
 Dispersal                Tloc           ###.......   100%        6    #####..
 Static Discharge         Conj/Air       ####....     3%          3    None
 Corona                   Hex            ###....      10%         1    None
 Alistair's Intoxication  Tmut/Pois      ######..     1%          5    ###....
 Lee's Rapid Deconstruct  Erth           ###.......   95%         5    ###....
 Sandblast                Erth           ###...       10%         1    None
 Simulacrum               Ice/Necr       ###.......   100%        6    #####..
 Conjure Ball Lightning   Conj/Air       ####......   85%         6    #####..
 Portal Projectile        Hex/Tloc       ###...       28%         3    None
 Monstrous Menagerie      Summ           ###.......   100%        7    ######.
 Petrify                  Tmut/Erth      ####....     8%          4    None
 Passage of Golubria      Tloc           N/A          67%         4    None
 Orb of Destruction       Conj           #####.....   69%         7    ######.
 Malign Gateway           Summ/Tloc      ###.......   100%        7    ######.
 Tornado                  Air            ###.......   100%        9    #######
 Leda's Liquefaction      Hex/Erth       ###.......   67%         4    None
 Summon Hydra             Summ           ###.......   100%        7    ######.
 Darkness                 Hex            ###.......   100%        6    #####..
 Shroud of Golubria       Chrm/Tloc      ###.......   4%          2    None
 Inner Flame              Hex/Fire       ###.....     28%         3    None
 Aura of Abjuration       Summ           ###.......   95%         5    ###....
 Beastly Appendage        Tmut           #####.       1%          1    None
 Disjunction              Tloc           ###.......   100%        8    #######
 Iskenderun's Battlesphe  Conj/Chrm      #####...     9%          5    ###....
 Fulminant Prism          Conj/Hex       ####......   11%         4    None
 Dazzling Spray           Conj/Hex       ####..       3%          3    None
 Force Lance              Conj/Tloc      ####....     11%         4    None
 Searing Ray              Conj           #####.       1%          2    None
 Discord                  Hex            ###.......   100%        8    #######
 Summon Forest            Summ/Tloc      ###.......   95%         5    ###....
 Summon Lightning Spire   Summ/Air       ###.....     67%         4    None
 Summon Guardian Golem    Hex/Summ       ###.....     28%         3    None
 Spellforged Servitor     Conj/Summ      ####......   100%        7    ######.
 Summon Mana Viper        Hex/Summ       ###.....     95%         5    ###....
 Hydra Form               Tmut           #####.....   9%          6    #####..
 Gell's Gravitas          Tloc           ###.......   28%         3    None
 Yara's Violent Unravell  Hex/Tmut       ####......   21%         5    ###....
 Lesser Beckoning         Tloc           ###.......   28%         3    None
 Poisonous Vapours        Pois/Air       #####.       1%          2    None
 Ignition                 Fire           ###.......   100%        8    #######
 Borgnjor's Vile Clutch   Necr/Erth      ###.......   95%         5    ###....


Dungeon Overview and Level Annotations

Branches:
Dungeon (1/1)

Altars:
Ashenzari
Cheibriados
Dithmenos
Elyvilon
Fedhas
Gozag
Hepliaklqana
Kikubaaqudgha
Makhleb
Nemelex Xobeh
Okawaru
Qazlal
Ru
Sif Muna
Trog
Uskayaw
Vehumet
Wu Jian
Xom
Yredelemnul
Zin
The Shining One
Beogh
Jiyva
Lugonu


Innate Abilities, Weirdness & Mutations

You cannot be hasted, slowed, berserked, paralysed or teleported.
You can dig through walls and to a lower floor.
Your four strong arms can wield two-handed weapons with a shield.
You have a pair of large antennae on your head. (SInv)
Scrolls take you a little longer to read.
Your body sometimes deteriorates upon taking damage.


Message History

You start waiting.
You are feeling hungry.
You start waiting.
You sense a monster nearby.
You start waiting.
You sense a monster nearby.
You start waiting.
You sense a monster nearby.
You start waiting.
You sense a monster nearby.
You start waiting.
You sense a monster nearby.
You start waiting.
You start waiting.
You sense a monster nearby.
Firing (i - inventory) No suitable missiles.
Press: ? - help, Shift-Dir - straight line, f - you
Okay, then.
You can't go down here!
You have escaped!

............▓....[..)†....▓...8©8
............▓{{▓.......▓.†▓...)=)
...[).......▓....{........▓..))()
............▓.............▓...)..
....†.......▓.....÷©..{...▓....[.
............▓▓▓▓▓▓▓▓▓▓▓▓▓▓▓......
...[).......▓8888888888888▓....).
▓.).....▓...▓8...§§..)...8▓......
..†)........▓8..@§...)©..8▓.▓....
.))[.......{▓8....§......8▓....©.
...)©!.....{▓8888888888888▓▓▓▓▓▓▓
▓▓▓▓▓▓▓▓▓▓▓▓▓▓▓▓▓▓▓▓▓▓▓▓▓▓▓▓▓▓▓▓▓
.....8©8...{....▓........8©8.....
)=}}|[}..|:|{.).▓.))=.[.}}})|[|.)
|....):.}){|[{|.▓.)).)=:|...))}|:
}[)...|....))...▓.).|..):)...=[..
)|[.))...[(.....▓...........=....


There were no monsters in sight!

Vanquished Creatures
  4 greater mummies (D)
  42 pandemonium lords (D)
  2 shard shrikes (shapeshifter) (D)
  A golden dragon (shapeshifter) (D)
  3 Ice Fiends (D)
  4 liches (D)
  2 Executioners (D)
  2 acid blobs (shapeshifter) (D)
  2 quicksilver dragons (D)
  A death cob (D)
  6 acid blobs (D)
  3 thorn hunters (D)
  An eldritch tentacle (D)
  A titan (shapeshifter) (D)
  A tentacled starspawn (D)
  A shadow dragon (D)
  9 azure jellies (D)
  4 frost giants (D)
  2 iron dragons (D)
  A cacodemon (D)
  5 ghouls (D)
  7 spriggan defenders (D)
  5 stone giants (D)
  A blood saint (D)
  2 reapers (D)
  3 apis (D)
  A deep elf annihilator (D)
  A white draconian (D)
  A yellow draconian (D)
  5 vampire knights (D)
  A dire elephant (D)
  A red draconian (D)
  2 merfolk javelineers (D)
  6 blizzard demons (D)
  A merfolk impaler (D)
  4 crystal guardians (D)
  6 mummy priests (D)
  3 fire dragons (D)
  6 death oozes (D)
  A deep elf high priest (D)
  A hydra (D)
  2 great orbs of eyes (D)
  A monstrous demonspawn (D)
  6 ice dragons (D)
  4 merfolk aquamancers (D)
  13 spriggan air magi (D)
  An anaconda (shapeshifter) (D)
  4 two-headed ogres (shapeshifter) (D)
  An anaconda (D)
  A dancing weapon (D)
  3 death scarabs (D)
  2 satyrs (D)
  2 vampire magi (D)
  10 spriggan berserkers (D)
  A shock serpent (shapeshifter) (D)
  A deep elf knight (D)
  A soul eater (D)
  A sun demon (D)
  3 iron golems (D)
  A sixfirhy (D)
  A death drake (shapeshifter) (D)
  A hell knight (D)
  A sea snake (D)
  A glowing orange brain (shapeshifter) (D)
  3 skeletal warriors (D)
  A sea snake (shapeshifter) (D)
  9 spriggan druids (D)
  3 swamp dragons (D)
  A deep elf archer (D)
  2 glowing orange brains (D)
  3 shambling mangroves (D)
  A swamp dragon (shapeshifter) (D)
  5 necromancers (D)
  3 large abominations (D)
  A harpy (D)
  A lindwurm (shapeshifter) (D)
  6 shining eyes (D)
  2 ugly things (D)
  A wolf spider (shapeshifter) (D)
  3 deep elf magi (D)
  2 shining eyes (shapeshifter) (D)
  4 oklob plants (D)
  2 fauns (shapeshifter) (D)
  A faun (D)
  A cyclops (D)
  A moth of wrath (shapeshifter) (D)
  A merfolk siren (D)
  5 draconians (D)
  A rust devil (D)
  A water nymph (D)
  A water nymph (shapeshifter) (D)
  An eye of devastation (shapeshifter) (D)
  A torpor snail (shapeshifter) (D)
  A smoke demon (D)
  An orange demon (D)
  8 eyes of devastation (D)
  3 gargoyles (D)
  2 yaktaurs (shapeshifter) (D)
  5 guardian mummies (D)
  2 freezing wraiths (D)
  3 dryads (D)
  3 ice devils (D)
  6 rime drakes (D)
  4 hellwings (D)
  2 tormentors (D)
  A red devil (D)
  A polar bear (D)
  10 hornets (D)
  A wind drake (shapeshifter) (D)
  A slime creature (shapeshifter) (D)
  A hippogriff (D)
  A blink frog (shapeshifter) (D)
  28 slime creatures (D)
  2 wind drakes (D)
  A snapping turtle (D)
  A dream sheep (shapeshifter) (D)
  A flying skull (D)
  3 ynoxinuls (D)
  8 shadows (D)
  A redback (D)
  A water elemental (D)
  An air elemental (D)
  2 wyverns (D)
  3 yaks (D)
  5 ushabtiu (D)
  3 spriggans (D)
  2 wraiths (D)
  2 vampires (D)
  A chaos spawn (D)
  5 golden eyes (D)
  A neqoxec (D)
  A hell hound (D)
  2 acid dragons (D)
  A swamp drake (D)
  3 orc warriors (D)
  2 porcupines (D)
  4 ice beasts (D)
  6 necrophages (D)
  3 wolves (D)
  A big kobold (shapeshifter) (D)
  2 bullfrogs (D)
  7 earth elementals (D)
  8 wights (D)
  A quasit (D)
  A hound (shapeshifter) (D)
  8 jellies (D)
  3 orc priests (D)
  5 iron imps (D)
  An orc wizard (D)
  18 mummies (D)
  2 river rats (D)
  2 shadow imps (D)
  2 white imps (D)
  2 oozes (D)
  A spectral adder (D)
  4 adder skeletons (D)
  2 adder zombies (D)
  An adder simulacrum (D)
  5 bat skeletons (D)
  3 bat zombies (D)
  2 jackals (D)
  A kobold (shapeshifter) (D)
  A ball python skeleton (D)
  2 ball python zombies (D)
  A bat simulacrum (D)
  4 giant cockroach zombies (D)
  4 leopard gecko skeletons (D)
  5 leopard gecko zombies (D)
  3 quokka skeletons (D)
  2 quokka zombies (D)
  2 blocks of ice (D)
  5 briar patches (D)
  4 butterflies (D)
548 creatures vanquished.

Vanquished Creatures (others)
  A lich (D)
  A rime drake (D)
  An ufetubus (D)
  2 starspawn tentacles (D)
5 creatures vanquished.

Grand Total: 553 creatures vanquished

Notes
Turn   | Place    | Note
-------+----------+-------------------------------------------
     0 | D        | Found the +6 Majin-Bo {vamp, Archmagi MP+6 Int+6}
     0 | D        | Found the +7 great mace "Firestarter" {inner flame, rF++}
     0 | D        | raistware the Formicid Fighter began the quest for the Orb.
     0 | D        | Reached XP level 1. HP: 18/18 MP: 1/1
    14 | D        | Found a blossoming altar of Fedhas.
    15 | D        | Found a viscous altar of Jiyva.
    15 | D        | Found a hazy altar of Hepliaklqana.
    15 | D        | Found a transporter.
    15 | D        | Found an opulent altar of Gozag.
    15 | D        | Found an ancient bone altar of Kikubaaqudgha.
    15 | D        | Found a corrupted altar of Lugonu.
    27 | D        | Found a burning altar of Makhleb.
    28 | D        | Found a sacrificial altar of Ru.
    28 | D        | Found a stormy altar of Qazlal.
    28 | D        | Found a deep blue altar of Sif Muna.
    28 | D        | Found an iron altar of Okawaru.
    28 | D        | Found a bloodstained altar of Trog.
    28 | D        | Found a sparkling altar of Nemelex Xobeh.
    48 | D        | Found the +6 shillelagh "Devastator" {shatter}
    48 | D        | Found the +11 plutonium sword {*Contam Stlth-}
    48 | D        | Found the +8 lance "Wyrmbane" {slay drac, rPois rF+ rC+ AC+3}
    48 | D        | Found the +9 sword of Zonguldrok {reap}
    48 | D        | Found the cursed +13 scythe of Curses {drain, *Curse}
    48 | D        | Found the +0 sword of Power
    48 | D        | Found the +2 mace of Variability {chaos}
    48 | D        | Found the +7 Singing Sword
    48 | D        | Found the +7 longbow "Piercer" {penet, EV-2}
    52 | D        | Found the +9 heavy crossbow "Sniper" {velocity, Acc+∞ SInv}
    52 | D        | Found the +10 dark maul {crush}
    52 | D        | Found the +15 Maxwell's patent armour {-Cast -Tele rElec MR+ rCorr}
    52 | D        | Found the +18 shield of the Gong {rElec rN+ MR+ EV-5}
    52 | D        | Found the cursed +14 obsidian axe {chop, +Fly SInv *Curse}
    68 | D        | Became a worshipper of Qazlal Stormbringer
    76 | D        | Entered arena 2.
    76 | D        | Noticed a wolf
    76 | D        | Found a transporter.
    81 | D        | Killed a wolf
    81 | D        | Reached skill level 5 in Armour
    81 | D        | Reached skill level 5 in Shields
    81 | D        | Reached XP level 2. HP: 24/24 MP: 1/5
    81 | D        | Reached XP level 3. HP: 29/29 MP: 1/6
    81 | D        | Reached XP level 4. HP: 35/35 MP: 1/7
   127 | D        | Entered arena 3.
   127 | D        | Noticed a shining eye
   127 | D        | Noticed a wraith
   127 | D        | Found a transporter.
   132 | D        | Gained mutation: Your body sometimes deteriorates upon taking damage. [a shining eye]
   137 | D        | Gained mutation: Scrolls take you a little longer to read. [a shining eye]
   138 | D        | Killed a shining eye
   138 | D        | Reached * piety under Qazlal
   138 | D        | Reached XP level 5. HP: 34/41 MP: 6/10
   138 | D        | Reached XP level 6. HP: 39/47 MP: 6/11
   138 | D        | Reached XP level 7. HP: 43/52 MP: 6/12
   142 | D        | Killed a wraith
   159 | D        | Reached skill level 5 in Fighting
   159 | D        | Reached skill level 10 in Invocations
   159 | D        | Reached XP level 8. HP: 55/62 MP: 8/15
   193 | D        | Entered arena 4.
   193 | D        | Noticed a cyan ugly thing
   193 | D        | Noticed a green ugly thing
   193 | D        | Noticed a basilisk
   193 | D        | Found a transporter.
   194 | D        | Found the +8 trident of the Octopus King {venom, rElec rPois MR+}
   202 | D        | a basilisk changed into a big kobold
   204 | D        | Reached ** piety under Qazlal
   207 | D        | Reached XP level 9. HP: 68/68 MP: 16/16
   214 | D        | Killed a cyan ugly thing
   214 | D        | Reached skill level 10 in Armour
   223 | D        | Killed a cyan ugly thing
   223 | D        | Reached *** piety under Qazlal
   223 | D        | Reached skill level 10 in Polearms
   244 | D        | Entered arena 5.
   244 | D        | Found a transporter.
   257 | D        | Reached **** piety under Qazlal
   261 | D        | Got the amulet "Foiwuest" {Acrobat rF+ Str+5 Int+3 Dex-5}
   271 | D        | Entered arena 6.
   271 | D        | Found a transporter.
   310 | D        | Entered arena 7.
   311 | D        | Found a transporter.
   322 | D        | Reached ***** piety under Qazlal
   332 | D        | Reached XP level 10. HP: 74/74 MP: 19/19
   372 | D        | Entered arena 8.
   372 | D        | Noticed an eye of devastation
   372 | D        | Noticed a tentacled starspawn
   373 | D        | Found the ring of Shadows {Umbra +Inv Stlth+}
   373 | D        | Found the +3 sling "Punk" {acid, rCorr}
   373 | D        | Found a transporter.
   381 | D        | Killed a tentacled starspawn
   381 | D        | Reached skill level 10 in Dodging
   381 | D        | Killed an eye of devastation
   381 | D        | Reached ****** piety under Qazlal
   392 | D        | Got the ring of Finality {rElec rF++ rN+ Str+3}
   599 | D        | Entered arena 9.
   600 | D        | Found a transporter.
   730 | D        | Entered arena 10.
   730 | D        | Noticed a shining eye
   730 | D        | Noticed an eye of devastation
   731 | D        | Reached XP level 11. HP: 52/79 MP: 21/21
   731 | D        | Reached skill level 1 in Spellcasting
   731 | D        | Killed a shining eye
   732 | D        | Found a transporter.
   849 | D        | Entered arena 11.
   849 | D        | Noticed a yellow draconian
   849 | D        | Noticed a draconian
   849 | D        | Noticed a death cob
   849 | D        | Noticed a draconian
   849 | D        | Noticed a draconian
   849 | D        | Noticed a draconian
   849 | D        | Noticed a white draconian
   849 | D        | Noticed a draconian
   849 | D        | Noticed a red draconian
   867 | D        | Killed a red draconian
   867 | D        | Reached skill level 15 in Invocations
   872 | D        | Killed a draconian
   876 | D        | Killed a draconian
   877 | D        | Found a transporter.
   884 | D        | Killed a draconian
   884 | D        | Killed a yellow draconian
   884 | D        | Reached skill level 5 in Spellcasting
   884 | D        | Killed a draconian
   889 | D        | Killed a draconian
   896 | D        | Killed a death cob
   896 | D        | Reached XP level 12. HP: 57/94 MP: 16/24
   900 | D        | Killed a white draconian
  1049 | D        | Entered arena 12.
  1049 | D        | Noticed a vampire mage
  1056 | D        | Killed a vampire mage
  1071 | D        | Reached skill level 15 in Polearms
  1080 | D        | Found a transporter.
  1097 | D        | Entered arena 13.
  1097 | D        | Noticed a hand axe of freezing
  1097 | D        | Noticed a deep elf high priest
  1098 | D        | Found the +9 staff of Wucad Mu {channel}
  1098 | D        | Noticed a deep elf knight
  1098 | D        | Noticed a deep elf annihilator
  1099 | D        | Killed a hand axe of freezing
  1099 | D        | Reached skill level 15 in Armour
  1099 | D        | Killed a deep elf knight
  1099 | D        | Reached skill level 10 in Fighting
  1099 | D        | Killed a deep elf annihilator
  1099 | D        | Killed a deep elf high priest
  1100 | D        | Found a transporter.
  1132 | D        | Entered arena 14.
  1133 | D        | Noticed a ghoul
  1133 | D        | Noticed a shadow dragon
  1133 | D        | Noticed a ghoul
  1160 | D        | Killed a shadow dragon
  1160 | D        | Reached XP level 13. HP: 99/107 MP: 26/26
  1175 | D        | Killed a ghoul
  1175 | D        | Reached skill level 5 in Slings
  1189 | D        | Killed a ghoul
  1191 | D        | Found a transporter.
  1199 | D        | Got the amulet "Naetsal" {Harm *Drain rPois}
  1310 | D        | Entered arena 15.
  1310 | D        | Noticed an acid blob
  1313 | D        | Killed an acid blob
  1313 | D        | Reached skill level 15 in Fighting
  1314 | D        | Found a transporter.
  1338 | D        | Got the amulet of Ciesatik {+Rage +Inv rPois}
  1421 | D        | Entered arena 16.
  1421 | D        | Noticed a four-headed hydra
  1421 | D        | Noticed a fire dragon
  1423 | D        | Noticed a fire dragon
  1425 | D        | Noticed a fire dragon
  1436 | D        | Killed a fire dragon
  1436 | D        | Reached skill level 10 in Slings
  1444 | D        | Killed a four-headed hydra
  1458 | D        | Killed a fire dragon
  1488 | D        | Killed a fire dragon
  1506 | D        | Found a transporter.
  1515 | D        | Got the Almanac of Poison
  1521 | D        | Got the Volume of Damaging Moulding
  1695 | D        | Entered arena 17.
  1697 | D        | Noticed a merfolk impaler
  1697 | D        | Noticed a merfolk javelineer
  1698 | D        | Noticed a merfolk javelineer
  1699 | D        | Found the +2 Maxwell's thermic engine {flame, freeze, rF- rC-}
  1700 | D        | Killed a merfolk javelineer
  1700 | D        | Reached XP level 14. HP: 120/128 MP: 29/29
  1700 | D        | Reached skill level 15 in Slings
  1703 | D        | Found a transporter.
  1715 | D        | Got Uptocaefoq's Papyrus of Feathery Sinister Rites
  1762 | D        | Entered arena 18.
  1769 | D        | Noticed a lich
  1770 | D        | Noticed a ghoul
  1777 | D        | Noticed a lich
  1793 | D        | Killed a lich
  1806 | D        | Killed a ghoul
  1820 | D        | Killed a lich
  1832 | D        | Reached skill level 10 in Spellcasting
  1875 | D        | Found a transporter.
  1883 | D        | Got the ring "Vymadil" {rF++ rC+ MR+++ Str-2 Int-4}
  1901 | D        | Entered arena 19.
  1908 | D        | Noticed an apis
  1910 | D        | Reached XP level 15. HP: 130/137 MP: 30/30
  1920 | D        | Found a transporter.
  1950 | D        | Got the ring of Elaram {rF+ EV+5 Str+3}
  1975 | D        | Got the ring "Qup Xuig" {*Contam Str+4 Stlth+}
  1988 | D        | Entered arena 20.
  1995 | D        | Found the +3 crown of Dyrovepreva {rElec Int+2 SInv}
  1997 | D        | Found a transporter.
  2002 | D        | Got the ring "Xeekhiec" {rCorr rPois}
  2115 | D        | Entered arena 21.
  2119 | D        | Noticed a quicksilver dragon
  2132 | D        | Killed a quicksilver dragon
  2133 | D        | Noticed an iron dragon
  2136 | D        | Noticed a stone giant
  2137 | D        | Noticed a stone giant
  2141 | D        | Noticed a quicksilver dragon
  2144 | D        | Noticed a stone giant
  2150 | D        | Killed an iron dragon
  2151 | D        | Killed a quicksilver dragon
  2152 | D        | Noticed a stone giant
  2153 | D        | Killed a stone giant
  2153 | D        | Reached skill level 15 in Dodging
  2153 | D        | Killed a stone giant
  2157 | D        | Killed a stone giant
  2157 | D        | Reached skill level 5 in Evocations
  2161 | D        | Noticed an iron dragon
  2177 | D        | Killed a stone giant
  2187 | D        | Killed an iron dragon
  2191 | D        | HP: 6/139 [crystal guardian/crystal bolt (8)]
  2196 | D        | Killed a stone giant
  2234 | D        | Found a transporter.
  2251 | D        | Got the ring of Pekh {rC+ Dex+3}
  2257 | D        | Got the amulet "Wagovy" {Faith rF+}
  2273 | D        | Got the ring of Beauty {*Slow rF+ Str+4}
  2437 | D        | Entered arena 22.
  2447 | D        | Noticed a ghoul
  2448 | D        | Noticed a ghoul
  2454 | D        | Noticed a lich
  2458 | D        | Reached XP level 16. HP: 94/148 MP: 33/33
  2458 | D        | Killed a lich
  2466 | D        | Noticed a lich
  2491 | D        | Killed a lich
  2509 | D        | Found a transporter.
  2784 | D        | Entered arena 23.
  2791 | D        | Noticed a glowing shapeshifter
  2791 | D        | Noticed a shadow dragon
  2791 | D        | a glowing shapeshifter changed into a shadow dragon
  2791 | D        | Noticed a juggernaut
  2791 | D        | Noticed a shard shrike
  2793 | D        | Noticed a golden dragon
  2793 | D        | a shadow dragon changed into a golden dragon
  2794 | D        | Found the +6 lightning scales {run, rElec}
  2794 | D        | Found the +3 Elemental Staff {rElec rF++ rC++ MR++ AC+5}
  2794 | D        | Noticed a shard shrike
  2794 | D        | Noticed a juggernaut
  2794 | D        | Noticed a titan
  2795 | D        | Reached skill level 5 in Poison Magic
  2795 | D        | Killed a shard shrike
  2795 | D        | Reached skill level 10 in Poison Magic
  2795 | D        | Reached skill level 10 in Evocations
  2795 | D        | Killed a golden dragon
  2795 | D        | Killed a titan
  2797 | D        | Noticed a titan
  2797 | D        | a juggernaut changed into a titan
  2799 | D        | Killed a shard shrike
  2799 | D        | Reached skill level 15 in Spellcasting
  2799 | D        | Reached XP level 17. HP: 128/158 MP: 27/36
  2799 | D        | Reached skill level 15 in Poison Magic
  2799 | D        | Noticed a juggernaut
  2799 | D        | a titan changed into a juggernaut
  2799 | D        | Noticed a shard shrike
  2799 | D        | a juggernaut changed into a shard shrike
  2802 | D        | Noticed a titan
  2802 | D        | a juggernaut changed into a titan
  2804 | D        | Noticed an acid blob
  2804 | D        | a shard shrike changed into an acid blob
  2805 | D        | Noticed a shard shrike
  2805 | D        | a titan changed into a shard shrike
  2808 | D        | Noticed a juggernaut
  2808 | D        | a shard shrike changed into a juggernaut
  2808 | D        | Noticed a shadow dragon
  2808 | D        | an acid blob changed into a shadow dragon
  2812 | D        | Noticed an iron giant
  2812 | D        | a juggernaut changed into an iron giant
  2814 | D        | Noticed a golden dragon
  2814 | D        | an iron giant changed into a golden dragon
  2816 | D        | a golden dragon changed into an iron dragon
  2816 | D        | Noticed a caustic shrike
  2816 | D        | a shadow dragon changed into a caustic shrike
  2820 | D        | Noticed a golden dragon
  2820 | D        | an iron dragon changed into a golden dragon
  2822 | D        | Noticed an acid blob
  2822 | D        | a golden dragon changed into an acid blob
  2824 | D        | a caustic shrike changed into an iron dragon
  2828 | D        | Killed an acid blob
  2832 | D        | Noticed an iron giant
  2832 | D        | an iron dragon changed into an iron giant
  2836 | D        | Noticed an acid blob
  2836 | D        | an iron giant changed into an acid blob
  2838 | D        | an acid blob changed into an iron dragon
  2842 | D        | Noticed an acid blob
  2842 | D        | an iron dragon changed into an acid blob
  2849 | D        | Killed an acid blob
  2857 | D        | Found a transporter.
  2986 | D        | Entered arena 24.
  2992 | D        | Noticed an Ice Fiend
  2992 | D        | Noticed an Ice Fiend
  2993 | D        | Noticed an Ice Fiend
  2994 | D        | Reached skill level 5 in Crossbows
  2994 | D        | Killed an Ice Fiend
  2994 | D        | Reached skill level 10 in Crossbows
  3001 | D        | Killed an Ice Fiend
  3002 | D        | Killed an Ice Fiend
  3007 | D        | Found a transporter.
  3024 | D        | Got the ring of Ocsereph {+Fly Int+2}
  3026 | D        | Got the Tome of Calling and the Glacier
  3029 | D        | Got Holefahoy's Compendium of Cold and Dark Rituals
  3029 | D        | Got Hupolido's Volume of Malediction
  3045 | D        | Got Yfeoshra's Grimoire of Attacks
  3070 | D        | Got the ring "Mejosk" {+Blink +Fly Str+7 Slay-6}
  3306 | D        | Entered arena 25.
  3314 | D        | Noticed a greater mummy
  3316 | D        | Noticed a greater mummy
  3316 | D        | Noticed a greater mummy
  3317 | D        | Noticed a greater mummy
  3317 | D        | Noticed a lich
  3318 | D        | Killed a lich
  3318 | D        | Killed a greater mummy
  3318 | D        | Reached XP level 18. HP: 47/166 MP: 38/38
  3318 | D        | Killed a greater mummy
  3321 | D        | Killed a greater mummy
  3321 | D        | Reached skill level 15 in Evocations
  3321 | D        | Killed a greater mummy
  3344 | D        | Got the ring of Hitisol {Str+3 Int+7 Slay+4}
  3347 | D        | Found a transporter.
  3362 | D        | Got the amulet of Mifuq {Inacc rPois MR+ Int-2}
  3377 | D        | Got the amulet of Compassion {Harm *Drain +Blink Str+7 Dex+4}
  3382 | D        | Got the ring of Qiwk {rN++ EV+3}
  3401 | D        | Got the Reference Book on the Glacier and Displacement
  3405 | D        | Got Sif Muna's Incunabulum of the Compass and Flames
  3640 | D        | Entered arena 26.
  3649 | D        | Reached skill level 27 in Invocations
  3650 | D        | Reached XP level 19. HP: 116/180 MP: 32/42
  3710 | D        | Found a transporter.
  3728 | D        | Got Kabica's Further Progress in Wizardry
  3974 | D        | Entered arena 27.
  3981 | D        | Noticed Vip Mang the pandemonium lord
  3982 | D        | Noticed Soenian the pandemonium lord
  3982 | D        | Noticed Kevent the pandemonium lord
  3982 | D        | Noticed Ziohulafu the pandemonium lord
  3982 | D        | Noticed Bizuifo the pandemonium lord
  3982 | D        | Noticed Zuydd the pandemonium lord
  3982 | D        | Noticed Miakar the pandemonium lord
  3982 | D        | Noticed Gankuogax the pandemonium lord
  3982 | D        | Noticed Viri the pandemonium lord
  3982 | D        | Noticed Igesm the pandemonium lord
  3982 | D        | Noticed Satog the pandemonium lord
  3983 | D        | Noticed Kugatsud the pandemonium lord
  3983 | D        | Noticed Fostevint the pandemonium lord
  3983 | D        | Noticed Leiph the pandemonium lord
  3983 | D        | Noticed Weoz Amp the pandemonium lord
  3983 | D        | Noticed Mucaann the pandemonium lord
  3983 | D        | Noticed Geemai the pandemonium lord
  3983 | D        | Noticed Berepnip the pandemonium lord
  3983 | D        | Noticed Sanyxtinn the pandemonium lord
  3983 | D        | Noticed Vaneingae the pandemonium lord
  3983 | D        | Noticed Xaano the pandemonium lord
  3983 | D        | Noticed Lanig the pandemonium lord
  3983 | D        | Noticed Ysanyar the pandemonium lord
  3983 | D        | Noticed Kyzxirpho the pandemonium lord
  3983 | D        | Noticed Hereh the pandemonium lord
  3983 | D        | Noticed Kajill the pandemonium lord
  3984 | D        | Killed Miakar the pandemonium lord
  3984 | D        | Reached skill level 5 in Unarmed Combat
  3984 | D        | Killed Igesm the pandemonium lord
  3984 | D        | Reached skill level 10 in Unarmed Combat
  3984 | D        | Killed Xificw the pandemonium lord
  3984 | D        | Killed Viri the pandemonium lord
  3984 | D        | Killed Bizuifo the pandemonium lord
  3984 | D        | Killed Sanyxtinn the pandemonium lord
  3984 | D        | Killed Gankuogax the pandemonium lord
  3984 | D        | Killed Weoz Amp the pandemonium lord
  3984 | D        | Reached skill level 15 in Unarmed Combat
  3984 | D        | Reached XP level 20. HP: 117/193 MP: 42/45
  3984 | D        | Killed Xaano the pandemonium lord
  3984 | D        | Killed Fostevint the pandemonium lord
  3984 | D        | Killed Berepnip the pandemonium lord
  3984 | D        | Killed Geemai the pandemonium lord
  3984 | D        | Killed Zuydd the pandemonium lord
  3984 | D        | Killed Ysanyar the pandemonium lord
  3984 | D        | Noticed Kyekath the pandemonium lord
  3984 | D        | Noticed Xotteaha the pandemonium lord
  3984 | D        | Killed Kajill the pandemonium lord
  3985 | D        | Killed Vaneingae the pandemonium lord
  3985 | D        | Killed Kevent the pandemonium lord
  3985 | D        | Killed Satog the pandemonium lord
  3985 | D        | Killed Kyekath the pandemonium lord
  3985 | D        | Reached skill level 27 in Fighting
  3985 | D        | Reached XP level 21. HP: 125/204 MP: 35/47
  3985 | D        | Killed Soenian the pandemonium lord
  3985 | D        | Killed Ziohulafu the pandemonium lord
  3985 | D        | Noticed Giwoumun the pandemonium lord
  3985 | D        | Noticed Zezonerr the pandemonium lord
  3985 | D        | Noticed Adonim the pandemonium lord
  3985 | D        | Noticed Quilleer the pandemonium lord
  3986 | D        | Killed Kugatsud the pandemonium lord
  3986 | D        | Reached skill level 27 in Armour
  3986 | D        | Noticed Siedghi the pandemonium lord
  3986 | D        | Noticed Nomaplui the pandemonium lord
  3987 | D        | Killed Hereh the pandemonium lord
  3987 | D        | Killed Mucaann the pandemonium lord
  3987 | D        | Killed Giwoumun the pandemonium lord
  3987 | D        | Killed Adonim the pandemonium lord
  3987 | D        | Reached XP level 22. HP: 130/212 MP: 22/50
  3987 | D        | Noticed Ushaw the pandemonium lord
  3987 | D        | Noticed Oginol the pandemonium lord
  3987 | D        | Noticed Okeodeant the pandemonium lord
  3988 | D        | Killed Lanig the pandemonium lord
  3988 | D        | Killed Quilleer the pandemonium lord
  3988 | D        | Killed Vip Mang the pandemonium lord
  3988 | D        | Killed Kyzxirpho the pandemonium lord
  3988 | D        | Killed Siedghi the pandemonium lord
  3988 | D        | Reached skill level 27 in Unarmed Combat
  3988 | D        | Noticed Goqiatt the pandemonium lord
  3990 | D        | Killed Okeodeant the pandemonium lord
  3990 | D        | Killed Goqiatt the pandemonium lord
  3990 | D        | Killed Nomaplui the pandemonium lord
  3990 | D        | Reached skill level 27 in Evocations
  3990 | D        | Killed Zezonerr the pandemonium lord
  3990 | D        | Reached skill level 27 in Dodging
  3990 | D        | Reached skill level 27 in Spellcasting
  3990 | D        | Reached skill level 1 in Throwing
  3990 | D        | Reached skill level 10 in Shields
  3990 | D        | Noticed Hingotuo the pandemonium lord
  3992 | D        | Noticed Diefepig the pandemonium lord
  3996 | D        | Killed Leiph the pandemonium lord
  3999 | D        | Killed Oginol the pandemonium lord
  3999 | D        | Reached XP level 23. HP: 112/219 MP: 3/54
  4001 | D        | Killed Ushaw the pandemonium lord
  4001 | D        | Reached skill level 27 in Polearms
  4008 | D        | Killed Diefepig the pandemonium lord
  4008 | D        | Killed Hingotuo the pandemonium lord
  4008 | D        | Reached skill level 15 in Stealth
  4014 | D        | Killed Xotteaha the pandemonium lord
  4017 | D        | Found a transporter.
  4062 | D        | Got the ring "Arann" {rC+ rN+ MP-9 SInv}
  4281 | D        | Learned a level 5 spell: Irradiate
  4404 | D        | Entered arena 28.
  4416 | D        | Reached skill level 1 in Transmutations
  4416 | D        | Reached skill level 1 in Conjurations
  4416 | D        | Reached skill level 5 in Transmutations
  4416 | D        | Reached skill level 5 in Conjurations
  4416 | D        | Reached skill level 15 in Throwing
  4428 | D        | Reached skill level 10 in Transmutations
  4433 | D        | Found the amulet of the Four Winds {rN+ MR+++ Clar}
  4435 | D        | Found a transporter.
  4458 | D        | Reached skill level 10 in Conjurations
  4492 | D        | Got the amulet "Buas" {Faith Slay+2}
  4546 | D        | Got the Orb of Zot
  4564 | D        | Noticed Xatodghi the pandemonium lord
  4564 | D        | Reached skill level 1 in Charms
  4565 | D        | Killed Xatodghi the pandemonium lord
  5007 | D        | Reached skill level 5 in Charms
  5616 | D        | Escaped with the Orb!

Vault maps used:
D:        sprint_v

Skill      XL: |  1  2  3  4  5  6  7  8  9 10 11 12 13 14 15 16 17 18 19 20 21 22 23 |
---------------+----------------------------------------------------------------------+-----
Polearms       | 4 7 11 13 14 15 16 17 19 20 22 23 25 26 27 | 27.0
Armour         | 5 8 9 11 13 14 15 16 18 19 21 23 24 26 27 | 27.0
Dodging        | 3 6 7 9 10 12 13 14 15 16 18 19 21 22 24 27 | 27.0
Shields        | 5 8 9 13 21 | 21.1
Invocations    | 4 7 10 12 14 17 19 22 24 25 26 27 | 27.0
Fighting       | 5 8 11 17 18 19 21 22 24 25 27 | 27.0
Spellcasting   | 6 8 10 13 15 16 19 21 22 24 27 | 27.0
Slings         | 4 13 16 | 16.8
Evocations     | 7 11 14 17 20 22 24 27 | 27.0
Poison Magic   | 14 16 | 16.9
Crossbows      | 12 | 12.7
Unarmed Combat | 15 19 24 27 | 27.0
Throwing       | 8 17 | 17.0
Stealth        | 11 21 | 21.0
Transmutations | 12 | 12.4
Conjurations   | 10 | 10.6
Charms         | 5 |  5.7

Action                   |  1- 3 |  4- 6 |  7- 9 | 10-12 | 13-15 | 16-18 | 19-21 | 22-24 || total
-------------------------+-------+-------+-------+-------+-------+-------+-------+-------++-------
Melee: Lance             |     5 |    12 |    88 |   128 |   288 |   105 |    33 |    67 ||   726
Invok: Disaster Area     |       |       |       |     4 |     9 |     9 |     4 |     8 ||    34
       Upheaval          |       |       |       |       |     3 |     4 |     3 |     2 ||    12
  Use: Potion            |       |       |     1 |       |     8 |     3 |       |     4 ||    16
       Scroll            |       |       |     4 |       |     5 |     7 |       |       ||    16
  Eat: Chunk             |       |       |       |     1 |     4 |     3 |     2 |     1 ||    11
       Ration            |       |       |       |       |       |       |       |     1 ||     1
Armor: Gold dragon scale |     1 |    12 |    18 |    19 |    60 |    10 |     3 |    23 ||   146
Dodge: Dodged            |     1 |       |     5 |     9 |    30 |    11 |     4 |     9 ||    69
       Deflected         |       |       |       |       |     2 |     2 |     1 |     3 ||     8
Block: Shield            |     8 |    25 |    98 |   150 |   432 |   120 |    30 |    86 ||   949
       Reflection        |       |       |       |       |    10 |     1 |     2 |     1 ||    14

Table legend:
 A = Spawn XP
 B = Non-spawn XP
 C = Spawn XP percentage of total XP
 D = Spawn monster count
 E = Non-spawn monster count
 F = Spawn count percentage of total count
 G = Total turns spent on level
                    A         B        C        D         E        F      G
               +---------+---------+-------+---------+---------+-------+---------
         Total |       0 |  680537 |   0.0 |       0 |     527 |   0.0 |  5616
               +---------+---------+-------+---------+---------+-------+---------
             D |       0 |  680537 |   0.0 |       0 |     527 |   0.0 |  5616
               +---------+---------+-------+---------+---------+-------+---------
